 Dungeon Crawl Stone Soup version 0.29.1-2-gbd0b4ee654 (webtiles) character file.

Game seed: 4766406714271274107

111 safid the Shooter (level 4, -3/41 HPs)
             Began as a Minotaur Hunter on Nov 2, 2022.
             Slain by an iguana (8 damage)
             ... on level 4 of the Dungeon.
             The game lasted 00:02:35 (1930 turns).

safid the Shooter (Minotaur Hunter)                 Turns: 1930, Time: 00:02:36

Health: -3/41      AC:  8    Str: 15    XL:     4   Next: 62%
Magic:  3/3        EV: 10    Int:  6    God:
Gold:   148        SH:  0    Dex: 16    Spells: 3/3 levels left

rFire   . . .      SeeInvis .   a - +0 shortbow
rCold   . . .      Faith    .   (shield currently unavailable)
rNeg    . . .      Spirit   .   f - +0 scale mail
rPois   .          Reflect  .   (helmet restricted)
rElec   .          Harm     .   c - +0 cloak
rCorr   .          Rampage  .   m - +0 pair of gloves
Will    +....                   (no boots)
Stlth   ..........              (no amulet)
HPRegen 0.13/turn               g - ring of willpower
MPRegen 0.08/turn               (no ring)

@: no status effects
A: horns 2, retaliatory headbutt
a: no special abilities


You were on level 4 of the Dungeon.
You visited 1 branch of the dungeon, and saw 4 of its levels.

You collected 159 gold pieces.
You spent 11 gold pieces at shops.

Inventory:

Hand Weapons
 a - a +0 shortbow (weapon)
Armour
 c - a +0 cloak (worn)
 f - a +0 scale mail (worn)
 m - a +0 pair of gloves (worn)
Jewellery
 g - a ring of willpower (left hand)
Scrolls
 b - a scroll of fog {unknown}
 h - a scroll of enchant armour {unknown}
 j - a scroll of noise {unknown}
 l - a scroll of fear {unknown}
 n - a scroll of blinking {unknown}
Potions
 d - 3 potions of might {unknown}
 e - 2 potions of cancellation {unknown}
 i - 3 potions of curing {unknown}
 k - 2 potions of lignification {unknown}


   Skills:
 + Level 4.5 Fighting
 + Level 5.6 Ranged Weapons
 - Level 2.1 Dodging
 - Level 0.7 Stealth


You had 3 spell levels left.
You didn't know any spells.
Your spell library contained the following spells:

 Spells                   Type           Power      Damage    Failure   Level
 Slow                     Hex            0%         N/A       91%         1
 Confusing Touch          Hex            0%         N/A       99%         3
 Summon Guardian Golem    Hex/Summ       0%         N/A       99%         3
 Tukima's Dance           Hex            0%         N/A       99%         3
 Vampiric Draining        Necr           0%         2d6       99%         3
 Passage of Golubria      Tloc           0%         N/A       100%        4
 Yara's Violent Unravell  Hex/Tmut       0%         3d3       100%        5
 Orb of Destruction       Conj           0%         9d5       100%        7
 Spellforged Servitor     Conj/Summ      0%         N/A       100%        7


Dungeon Overview and Level Annotations

Branches:
Dungeon (4/15)
 Temple: D:4-7

Altars:
Makhleb
Trog
Uskayaw

Shops:
D:1 !

Annotations:
D:3 1 runed translucent door, Crazy Yiuf


Innate Abilities, Weirdness & Mutations

You have a pair of horns on your head.
You reflexively headbutt those who attack you in melee.


Message History

You shoot an arrow.
The arrow closely misses the ball python.
An iguana comes into view.
You shoot an arrow.
The arrow barely misses the ball python.
You shoot an arrow. The arrow hits the iguana!
The iguana is severely wounded.
The ball python bites you but does no damage.
The ball python barely misses you.
You shoot an arrow.
The arrow closely misses the ball python.
The ball python bites you but does no damage.
The ball python completely misses you. The iguana bites you.
The ball python barely misses you. The ball python grabs you.
The ball python constricts you.
You shoot an arrow.
The arrow barely misses the ball python.
The ball python bites you but does no damage.
The ball python constricts you. The iguana bites you.
You shoot an arrow.
The arrow barely misses the ball python.
The ball python bites you but does no damage.
The ball python constricts you. The iguana bites you!
The ball python completely misses you. The ball python constricts you.
You shoot an arrow. The arrow hits the ball python.
You kill the ball python!
The iguana misses you. x2; You furiously retaliate!
You headbutt the iguana, but do no damage.
You shoot an arrow. The arrow barely misses the iguana.
The iguana bites you!
* * * LOW HITPOINT WARNING * * *
The iguana attacks as you move away! The iguana bites you!
* * * LOW HITPOINT WARNING * * *
Fire: a) +0 shortbow
Press: ? - help, Q - select action Shift-Dir - straight line, f/p - iguana
Aim: an iguana (severely wounded, 68% to hit)
You shoot an arrow.
The arrow hits the iguana but does no damage.
The iguana is severely wounded.
The iguana closely misses you. The iguana bites you!
You die...

#.........).#.###.#.#
#.#.#####.#.#.# ....#
#.#.......#...........
#.#.#...#.#.###.#<#.#.#
##.#.#._.#.#.# #...#..
#
#..#.#...#.#.#####.#...
#..#.......#.......#
..# #..#.#####.#......)
#.........@l.......
#..##.######.###./.
##...........#
###########.# .# .# .#
.#


You could see an iguana.

Vanquished Creatures
  A hound (D:4)
  3 adders
  A worm (D:3)
  A dart slug (D:1)
  An orc (D:3)
  6 ball pythons
  3 endoplasms
  A giant cockroach (D:1)
  6 goblins
  2 hobgoblins (D:1)
  4 jackals (D:3)
  A quokka (D:1)
  4 bats
  6 frilled lizards
  6 kobolds
  A rat (D:2)
47 creatures vanquished.

Notes
Turn   | Place    | Note
-------+----------+-------------------------------------------
     0 | D:1      | safid the Minotaur Hunter began the quest for the Orb.
     0 | D:1      | Reached XP level 1. HP: 18/18 MP: 0/0
    23 | D:1      | Found Arineguugg's Distillery.
    31 | D:1      | Bought a potion of degeneration for 11 gold pieces
   169 | D:1      | Reached XP level 2. HP: 26/26 MP: 1/1
   834 | D:2      | Reached skill level 5 in Ranged Weapons
   834 | D:2      | Reached XP level 3. HP: 29/31 MP: 2/2
  1291 | D:3      | Found a bloodstained altar of Trog.
  1388 | D:3      | Found a runed translucent door.
  1389 | D:3      | Noticed Crazy Yiuf
  1567 | D:3      | Reached XP level 4. HP: 40/40 MP: 3/3
  1769 | D:3      | Found a hide-covered altar of Uskayaw.
  1863 | D:4      | Found a burning altar of Makhleb.
  1930 | D:4      | Slain by an iguana

Illustrated notes

Levels and vault maps discovered:
D:1:      spicycebolla_arrival_ecumenical, layout_rooms, serial_shops,
          nicolae_square_shop
D:2:      layout_rooms
D:3:      layout_basic, lemuel_coloured_pillars_altar, bloody_trog,
          uniq_crazy_yiuf_cottage
D:4:      layout_basic, mainiacjoe_overflow_cross_hatched, serial_glass,
          glass_columns_a, glass_columns_c, fountainhead,
          kennysheep_generic_room_5

Skill      XL: |  1  2  3 |
---------------+----------+-----
Fighting       | 3 4 |  4.5
Ranged Weapons | 5 |  5.6
Dodging        | |  2.1
Stealth        | |  0.7

Action                   |  1- 3 |  4- 6 || total
-------------------------+-------+-------++-------
 Fire: Shortbow          |   119 |    25 ||   144
Armor: Scale mail        |    22 |     7 ||    29
Dodge: Dodged            |    31 |     9 ||    40
